AoeStats
← AdolfH

Arabia

503188747Analyzed
2v2 RM · 1mo ago on Aug 30, 2026· 43m 3s· 4 players
Game mode
Random Map
Map size
Medium (4 player)
Population
200
Speed
Normal
Resources
Standard
Victory
Conquest
Starting age
Dark Age
Ending age
Imperial Age
RankedLock teamsTeams togetherTeam positionsShared explorationLock speedFull tech treeHidden civsTurbo modeCheats
Victory
Defeat
🇫🇷 Burgundians · France
747
+15
🇨🇱 Spanish · Chile
734
+16
🇩🇰 Persians · Denmark
761
-39
🇲🇽 Italians · Mexico
702
-20
Viejo
10:22 Feudal Age
11:43 Wheelbarrow
10:55 Double-Bit Axe
11:25 Horse Collar
22:01 Castle Age
20:47 Stone Mining
21:41 Gold Mining
22:59 Hand Cart
23:08 Bow Saw
23:44 Heavy Plow
26:08 Caravan
26:30 Scale Barding Armor
28:17 Fervor
28:47 Chain Barding Armor
29:17 Forging
29:52 Inquisition
32:17 Ballistics
32:16 Husbandry
32:27 Bloodlines
34:57 Stone Shaft Mining
34:50 Fletching
35:30 Sanctity
35:22 Redemption
37:45 Imperial Age
36:41 Murder Holes
37:40 Bodkin Arrow
37:55 Elite Conquistador
39:43 Conscription
39:54 Padded Archer Armor
40:32 Iron Casting
40:35 Plate Barding Armor
41:17 Chemistry
40:49 Block Printing
41:01 Illumination
41:20 Theocracy
41:29 Scale Mail Armor
41:32 Bracer
41:33 Padded Archer Armor
42:11 Iron Casting
41:08 Capped Ram
43:08 Loom
42:48 Siege Ram
Xswan8
11:58 Feudal Age
11:12 Horse Collar
11:22 Double-Bit Axe
15:28 Heavy Plow
18:02 Wheelbarrow
19:25 Gold Mining
22:11 Castle Age
20:07 Stone Mining
21:39 Stone Shaft Mining
21:50 Gold Shaft Mining
22:04 Hand Cart
24:22 Forging
24:13 Scale Mail Armor
24:20 Scale Barding Armor
24:48 Bow Saw
25:27 Crossbowman
27:03 Caravan
27:14 Guilds
28:32 Town Watch
31:37 Fervor
34:53 Imperial Age
34:05 Burgundian Vineyards
34:43 Ballistics
35:42 Iron Casting
35:22 Chain Mail Armor
35:10 Padded Archer Armor
35:00 Fletching
36:06 Town Patrol
37:39 Conscription
37:36 Elite Coustillier
40:20 Chemistry
40:44 Blast Furnace
40:15 Plate Mail Armor
41:47 Chain Barding Armor
MultiFrugtJuice
13:34 Feudal Age
14:44 Wheelbarrow
13:59 Double-Bit Axe
13:58 Horse Collar
15:54 Man-at-Arms
16:36 Gold Mining
21:02 Stone Mining
27:06 Castle Age
26:01 Arson
29:48 Bow Saw
29:41 Heavy Plow
30:00 Hand Cart
30:26 Stone Shaft Mining
30:27 Gold Shaft Mining
39:14 Imperial Age
36:52 Husbandry
37:05 Bloodlines
38:46 Crossbowman
38:51 Long Swordsman
38:54 Cavalier
39:14 Elite War Elephant
40:46 Thumb Ring
41:07 Fletching
41:18 Padded Archer Armor
41:18 Scale Mail Armor
41:29 Forging
41:24 Scale Barding Armor
44:02 Two-Man Saw
43:39 Crop Rotation
AdolfH
10:59 Feudal Age
11:43 Double-Bit Axe
11:40 Horse Collar
20:46 Castle Age
18:56 Stone Mining
19:04 Gold Mining
Connection lost

Rejoining the realm…

Still unreachable

The connection could not be restored.

Session expired

The server has moved on; the page needs a fresh start.